Cogmind - Beta 12 @@@ ROGUE MODE // 2023.12.02 @ 20:32:17 Player: Red Box Result: Destroyed by Z-Imprinter with Zionite Laser-M Performance ------------- Evolutions (3) 1500 Regions Visited (10) 2000 Robots Destroyed (81) 405 Value Destroyed (2245) 2245 Prototype IDs (9) 180 Alien Tech Used (0) 0 Bonus (218) 218 TOTAL SCORE: 6548 Bonus ------- High Alert Combat Kills 67 Follower Combat Kills 341 Met Imprinter 300 Friendly Fire -490 Cogmind --------- Core Integrity 0/700 Matter 190/300 Energy 100/100 System Corruption 0% Temperature Warning (356) Movement Core (850) Ox16 Location -7/Deep Caves Parts ------- > --- POWER (1) -------- (None) > --- PROPULSION (2) --- (None) > --- UTILITY (8) ------ High-capacity Storage Unit Improved Signal Interpreter Advanced Targeting Computer Advanced Targeting Computer Makeshift Armor Plating > --- WEAPON (2) ------- Gauss Cannon > --- INVENTORY (20) --- Improved Deuterium Engine Compact Battery (200) Transmission Jammer Makeshift Armor Plating Authchip [Armor] Authchip [Armor] Makeshift System Restoration Module Particle Cannon Phase Cannon Gauss Rifle Precision Assault Rifle Precision Assault Rifle KE Penetrator Advanced EMP Blaster Proton Missile Launcher Rocket Launcher Power Maul Peak State ------------ > --- POWER ------------ Deuterium Engine > --- PROPULSION ------- Armored Huge Wheel > --- UTILITY ---------- Cryofiber Web High-capacity Storage Unit Improved Sensor Array Improved Signal Interpreter Advanced Targeting Computer Advanced Targeting Computer Improved Medium Armor Plating Makeshift Armor Plating > --- WEAPON ----------- Particle Cannon Phase Cannon > --- INVENTORY -------- Improved Deuterium Engine Improved Heat Sink Compact Battery Transmission Jammer Makeshift Armor Plating Authchip [Armor] Authchip [Armor] Makeshift System Restoration Module Gauss Rifle Precision Assault Rifle Precision Assault Rifle KE Penetrator Assault Cannon Gauss Cannon Advanced EMP Blaster Proton Missile Launcher Rocket Launcher Power Maul [Rating: 49] Favorites ----------- Power Cooled Ion Engine Engine Cooled Ion Engine Propulsion Compact Wheel Treads Medium Treads Leg Improved Carbon-fiber Leg Wheel Compact Wheel Flight Unit VTOL Module Utility Advanced Targeting Computer Device Improved Sensor Array Storage High-capacity Storage Unit Processor Advanced Targeting Computer Hackware System Shield Protection Makeshift Armor Plating Weapon Particle Cannon Energy Gun EM Pulse Gun Energy Cannon Particle Cannon Ballistic Gun Assault Rifle Ballistic Cannon Gauss Cannon Launcher Proton Missile Launcher Impact Weapon Power Maul Build | -11 -10 -10 -10 -9 -8 -7 -7 -7 -7 -7 ------- Run | Jun Mat Min Exi Min Mat Fac Low Low Zio Dee Slots Evolved 6 | . . . . . 4 2 . . . . Power . | . . . . . . . . . . . Propulsion . | . . . . . . . . . . . Utility 6 | . . . . . 4 2 . . . . Weapon . | . . . . . . . . . . . Parts Attached 127 | 10 12 2 1 4 39 6 12 29 5 7 Power 14 | 1 3 . . 1 3 3 . 2 1 . Engine 14 | 1 3 . . 1 3 3 . 2 1 . Core . | . . . . . . . . . . . Reactor . | . . . . . . . . . . . Propulsion 19 | 5 3 . . 1 1 . 1 5 . 3 Treads 4 | . . . . . . . . 2 . 2 Leg 3 | 2 . . . . . . . 1 . . Wheel 11 | 3 3 . . 1 1 . 1 1 . 1 Hover . | . . . . . . . . . . . Flight 1 | . . . . . . . . 1 . . Utility 46 | 2 2 . 1 . 17 3 6 12 2 1 Device 18 | 1 . . . . 7 2 3 4 . 1 Storage 8 | 1 1 . 1 . 3 . . 1 1 . Processor 4 | . . . . . 1 1 . 2 . . Hackware 1 | . . . . . 1 . . . . . Protection 15 | . 1 . . . 5 . 3 5 1 . Artifact . | . . . . . . . . . . . Weapon 48 | 2 4 2 . 2 18 . 5 10 2 3 Energy Gun 18 | 1 3 1 . 1 5 . 1 6 . . Energy Cannon 12 | . . . . . 6 . 4 . 2 . Ballistic Gun 7 | 1 1 . . . 5 . . . . . Ballistic Cannon 2 | . . . . . . . . . . 2 Launcher 5 | . . 1 . 1 2 . . . . 1 Special Weapon . | . . . . . . . . . . . Impact Weapon 4 | . . . . . . . . 4 . . Slashing Weapon . | . . . . . . . . . . . Piercing Weapon . | . . . . . . . . . . . Special Melee Weapon . | . . . . . . . . . . . Unidentified Prototypes 7 | . . . . . 5 1 1 . . . Parts Lost 25 | . 2 . . . 5 . 1 9 . 8 Power 2 | . . . . . . . . 1 . 1 Propulsion 7 | . 1 . . . 1 . . 3 . 2 Utility 10 | . . . . . 2 . . 4 . 4 Weapon 6 | . 1 . . . 2 . 1 1 . 1 Highest Loss Streak 8 | . 1 . . . 3 . 1 8 . 7 To Critical Strikes . | . . . . . . . . . . . Average Slot Usage (%) 96 | . 98 100 100 100 98 100 99 88 99 89 Engine 8 | . 14 14 14 14 9 7 7 6 7 6 Treads 4 | . . . . . . . . 5 15 2 Leg 1 | . . . . . . . . 3 . . Wheel 11 | . 26 28 28 28 17 15 15 . . 5 Device 13 | . 12 . . . 16 23 23 13 15 12 Storage 8 | . 14 14 14 14 9 7 7 6 7 7 Processor 15 | . . . . . 5 15 15 29 25 23 Hackware 1 | . . . . . . 7 5 . . . Protection 11 | . 1 14 14 14 20 7 9 7 12 14 Energy Gun 8 | . 19 27 28 27 2 . . 9 . . Energy Cannon 7 | . . . . . 14 15 14 . 14 5 Naked Turns . | . . . . . . . . . . . Heaviest Build 76 | 13 26 28 36 38 71 68 76 76 74 74 Greatest Support 51 | 32 32 26 26 32 32 32 32 51 51 51 Greatest Overweight (x) 20 | 4 . 1 1 1 3 2 2 20 1 2 Average Overweight (x) 1 | . . . . 1 1 2 1 2 1 1 Largest Inventory Capacity 20 | 8 10 10 15 15 20 20 20 20 20 20 Average Capacity 17 | 7 8 10 11 15 19 20 20 19 20 20 Most Carried 20 | 8 10 10 14 15 20 20 20 20 20 20 Average Carried 17 | 5 8 10 10 14 19 19 19 18 19 18 Final Capacity 20 | 8 10 10 15 15 20 20 20 20 20 20 Final Carried 20 | 8 10 10 14 15 20 20 20 20 20 17 Class Distribution -------------------- 79% | Mutant 14% | Derelict-Mutant Dominant Class ---------------- Mutant | -10/Materials Mutant | -10/Mines Mutant | -10/Exiles Mutant | -9/Mines Mutant | -8/Materials Commander-Mutant | -7/Factory Mutant | -7/Lower Caves Mutant | -7/Lower Caves Mutant | -7/Zion Derelict-Mutant | -7/Deep Caves Resources | -11 -10 -10 -10 -9 -8 -7 -7 -7 -7 -7 ----------- Run | Jun Mat Min Exi Min Mat Fac Low Low Zio Dee Matter Collected 1901 | 327 206 60 126 62 438 78 127 365 40 72 Remotely . | . . . . . . . . . . . Salvage Created 3164 | 121 207 . . 54 1353 267 322 840 . . Parts 182 | 8 19 . . 14 81 16 15 29 . . Haulers Intercepted 7 | . . . . . 5 2 . . . . Recyclers Shooed 1 | 1 . . . . . . . . . . Parts Field Recycled . | . . . . . . . . . . . Retrieved Matter . | . . . . . . . . . . . Parts Self-Destructed 46 | . . . . . . . 17 29 . . Prevented . | . . . . . . . . . . . Kills | -11 -10 -10 -10 -9 -8 -7 -7 -7 -7 -7 ------- Run | Jun Mat Min Exi Min Mat Fac Low Low Zio Dee Combat Hostiles Destroyed 53 | . 9 . . 5 19 2 5 13 . . Melee 3 | . . . . . . . . 3 . . Guns 26 | . 9 . . 2 5 . . 10 . . Cannons 19 | . . . . . 13 1 5 . . . AOE 5 | . . . . 3 1 1 . . . . Classes Destroyed 15 | 2 3 . . 1 3 2 2 2 . . Worker 2 | . . . . 1 1 . . . . . Builder 2 | . . . . . 1 1 . . . . Tunneler 2 | 2 . . . . . . . . . . Hauler 7 | . . . . . 5 2 . . . . Recycler 3 | 1 . . . . 2 . . . . . Minesweeper 1 | . . . . . . . 1 . . . Mechanic 1 | . . . . . . . . 1 . . Operator 1 | . . . . . . 1 . . . . Watcher 7 | . 2 . . . 4 1 . . . . Swarmer 18 | . 8 . . 5 3 1 . 1 . . Grunt 18 | . 1 . . . 9 . 4 4 . . Brawler 2 | . . . . . . . . 2 . . Duelist 3 | . . . . . . . . 3 . . Sentry 9 | . . . . . 7 1 . 1 . . Hunter 4 | . . . . . . 1 1 2 . . Savage 1 | . . . . . . . 1 . . . Best Kill Streak 6 | 3 3 . . 4 6 2 3 5 . . Combat Bots Only 5 | . 3 . . 3 5 1 3 5 . . Max Kills in Single Turn 4 | 2 1 . . 3 1 4 1 1 . . Gunslinging . | . . . . . . . . . . . Exploded 2 | . . . . 2 1 1 . . . . Melee 1 | . . . . . . . . 1 . . Uniques/NPCs Destroyed . | . . . . . . . . . . . Combat | -11 -10 -10 -10 -9 -8 -7 -7 -7 -7 -7 -------- Run | Jun Mat Min Exi Min Mat Fac Low Low Zio Dee Damage Taken 4325 | . 436 . . 67 499 204 219 1801 . 1099 Core 895 | . 114 . . 6 62 . 16 504 . 193 Absorbed by Shields 315 | . . . . . 192 . 74 49 . . Redirected to Shielding 3 | . . . . . 3 . . . . . Regen/Repaired (Parts) 28 | . 28 . . . . . . . . . Core Remaining (%) 80 | 100 . . . 52 88 . . . . . Volleys Fired 202 | 9 36 3 . 5 59 10 20 45 1 14 Largest 2 | 2 2 1 . 2 2 2 2 2 1 2 Hottest 153 | 70 80 33 . 80 136 136 153 143 85 92 Shots Fired 388 | 18 72 3 . 10 118 20 42 81 1 23 Gun 212 | 18 72 . . 8 36 . . 78 . . Cannon 165 | . . . . . 77 20 42 3 1 22 Launcher 11 | . . 3 . 2 5 . . . . 1 Special . | . . . . . . . . . . . Kinetic 82 | 9 52 . . . 2 . . . . 19 Thermal 241 | 9 8 . . . 77 20 42 81 1 3 Explosive 10 | . . 3 . 2 5 . . . . . Electromagnetic 55 | . 12 . . 8 34 . . . . 1 Robot Hit Streak 23 | 7 9 . . 1 12 8 13 23 . 4 Robot Miss Streak 9 | 4 9 . . 2 5 2 2 6 . 7 Penetration Max . | . . . . . . . . . . . Secondary Targets 3 | . . . . . . . . 3 . . Max Gunslinging Chain 1 | . . . . . . . . 1 . . Shots Hit Robots 248 | 11 32 . . 4 75 15 31 73 . 7 Core Hits 144 | 4 12 . . 7 50 7 11 47 . 6 Critical Kills 2 | . . . . . . . . 2 . . Critical Parts Destroyed . | . . . . . . . . . . . Critical Strikes 6 | . . . . . 2 . . 4 . . Burn 2 | . . . . . . . . 2 . . Corrupt 2 | . . . . . 2 . . . . . Smash 2 | . . . . . . . . 2 . . Melee Attacks 10 | . . . . . . . . 10 . . Impact 10 | . . . . . . . . 10 . . Slashing . | . . . . . . . . . . . Piercing . | . . . . . . . . . . . Sneak Attacks 1 | . . . . . . . . 1 . . Combat Hostiles . | . . . . . . . . . . . Follow-up Attacks . | . . . . . . . . . . . Damage Inflicted 6368 | 159 540 . . 236 2109 761 679 1630 . 254 Guns 2415 | 159 498 . . 35 427 . . 1296 . . Cannons 2396 | . . . . . 1113 317 679 41 . 246 Explosions 1264 | . 42 . . 201 569 444 . . . 8 Melee 293 | . . . . . . . . 293 . . Ramming . | . . . . . . . . . . . Kinetic 681 | 84 339 . . . 32 . . . . 226 Thermal 4181 | 75 93 . . . 1216 761 679 1337 . 20 Explosive 667 | . . . . 201 466 . . . . . Electromagnetic 546 | . 108 . . 35 395 . . . . 8 Impact 293 | . . . . . . . . 293 . . Slashing . | . . . . . . . . . . . Piercing . | . . . . . . . . . . . Highest Corruption 2 | . . . . . . 2 2 2 2 . Average Corruption 2 | . . . . . . 2 2 2 2 . Corruption Purged . | . . . . . . . . . . . Corruption Blocked . | . . . . . . . . . . . Effects 73 | . . . . . . 3 14 56 . . Message Errors 24 | . . . . . . 1 5 18 . . Matter Fused 20 | . . . . . . 1 3 16 . . Heat Flow Errors 7 | . . . . . . . . 7 . . Energy Discharges 6 | . . . . . . 1 1 4 . . Parts Fused 2 | . . . . . . . 1 1 . . Data Loss (minor) 6 | . . . . . . . 1 5 . . Data Loss (major) 3 | . . . . . . . 1 2 . . Misfires 4 | . . . . . . . 2 2 . . Weapon Failures 1 | . . . . . . . . 1 . . Overload Shots . | . . . . . . . . . . . Overflow Damage 220 | . . . . . 20 133 4 63 . . Projectiles 24 | . . . . . 14 6 4 . . . Explosions 133 | . . . . . 6 127 . . . . Melee 63 | . . . . . . . . 63 . . Knockbacks 2 | . . . . . . . . . . 2 Impact . | . . . . . . . . . . . Kinetic 2 | . . . . . . . . . . 2 Secondary . | . . . . . . . . . . . Self-Inflicted Damage 173 | . . . . . 29 144 . . . . Shots 3 | . . . . . 1 2 . . . . Rammed . | . . . . . . . . . . . Targets Rammed . | . . . . . . . . . . . Kicked . | . . . . . . . . . . . Crushed . | . . . . . . . . . . . Highest Temperature 408 | 63 72 . . 81 119 . 84 408 . 320 Average Temperature 59 | 27 25 . . 35 29 . 23 99 . 164 Received Heat Transfer 1050 | . 54 . . . 198 . 66 408 . 324 Siege Activations . | . . . . . . . . . . . Robots Corrupted 2 | . . . . . 2 . . . . . Combat Hostiles . | . . . . . . . . . . . Parts Fried 4 | . . . . . 2 . . 2 . . Impact Corruptions 2 | . . . . . . . . 2 . . Robots Melted . | . . . . . . . . . . . Combat Hostiles . | . . . . . . . . . . . Parts Melted 14 | . 1 . . . 3 1 1 8 . . Heat Transferred 7071 | 222 198 . . . 2074 855 1147 2538 . 37 Parts Sabotaged . | . . . . . . . . . . . Parts Stolen . | . . . . . . . . . . . Parts Stripped . | . . . . . . . . . . . Power Chain Reactions 3 | . 1 . . . 2 . . . . . Missiles Intercepted . | . . . . . . . . . . . Alert | -11 -10 -10 -10 -9 -8 -7 -7 -7 -7 -7 ------- Run | Jun Mat Min Exi Min Mat Fac Low Low Zio Dee Peak Influence 520 | 15 191 18 . 99 520 276 . . . . Initial 146 | . 9 . . . 27 146 . . . . Average 194 | 5 99 2 . 36 347 137 . . . . Maximum Alert Level 2 | . . . . . 2 1 . . . . Low Security (%) 59 | 100 100 100 . 100 16 78 . . . . Level 1 24 | . . . . . 48 21 . . . . Level 2 16 | . . . . . 35 . . . . . Level 3 . | . . . . . . . . . . . Level 4 . | . . . . . . . . . . . Level 5 . | . . . . . . . . . . . High Security . | . . . . . . . . . . . Max Security . | . . . . . . . . . . . Squads Dispatched 4 | . 1 . . . . 2 . 1 . . Investigation 1 | . 1 . . . . . . . . . Extermination . | . . . . . . . . . . . Reinforcement 2 | . . . . . . 2 . . . . Assault 1 | . . . . . . . . 1 . . Garrison . | . . . . . . . . . . . Intercept . | . . . . . . . . . . . Searches Triggered . | . . . . . . . . . . . Construction Impeded . | . . . . . . . . . . . Haulers Reinforced 1 | . . . . . . 1 . . . . Active Scanning Responses . | . . . . . . . . . . . Cargo Convoy Interrupts . | . . . . . . . . . . . Stealth | -11 -10 -10 -10 -9 -8 -7 -7 -7 -7 -7 --------- Run | Jun Mat Min Exi Min Mat Fac Low Low Zio Dee Distress Signals 2 | . 1 . . . 1 . . . . . Communications Jammed 8 | . . . . . . 8 . . . . Distress Signals 8 | . . . . . . 8 . . . . Times Spotted 97 | . 14 . . 5 42 8 7 15 . 6 Peak Tracking Total 13 | . 5 . . 3 4 4 3 13 . 3 Tactical Retreats 4 | . . . . 1 . . 1 2 . . Traps | -11 -10 -10 -10 -9 -8 -7 -7 -7 -7 -7 ------- Run | Jun Mat Min Exi Min Mat Fac Low Low Zio Dee Traps Triggered . | . . . . . . . . . . . Indirectly . | . . . . . . . . . . . Trap Hack Attempts . | . . . . . . . . . . . Triggered . | . . . . . . . . . . . Disarmed . | . . . . . . . . . . . Reprogrammed 4 | . . . . . . 4 . . . . Reused . | . . . . . . . . . . . Traps Extracted . | . . . . . . . . . . . Installed . | . . . . . . . . . . . Triggered 1 | . . . . . . . 1 . . . Machines | -11 -10 -10 -10 -9 -8 -7 -7 -7 -7 -7 ---------- Run | Jun Mat Min Exi Min Mat Fac Low Low Zio Dee Machines Disabled 7 | . 1 . . . 3 2 . . . 1 Max in Single Turn 2 | . 1 . . . 1 2 . . . . Machines Repaired . | . . . . . . . . . . . Machines Sabotaged . | . . . . . . . . . . . Overloaded Fab Kills . | . . . . . . . . . . . Hacking | -11 -10 -10 -10 -9 -8 -7 -7 -7 -7 -7 --------- Run | Jun Mat Min Exi Min Mat Fac Low Low Zio Dee Machines Accessed 36 | . 11 . 1 . 12 9 2 . 1 . Terminals 23 | . 8 . . . 9 6 . . . . Fabricators 2 | . . . . . . 2 . . . . Repair Stations 1 | . 1 . . . . . . . . . Recycling Units 4 | . 2 . . . 1 1 . . . . Scanalyzers 2 | . . . . . 2 . . . . . Garrison Access . | . . . . . . . . . . . Total Hacks 117 | . 37 . 1 . 37 32 6 . 4 . Successful 68 | . 22 . 1 . 21 14 6 . 4 . Failed 48 | . 14 . . . 16 18 . . . . Catastrophic 7 | . 2 . . . 3 2 . . . . Database Lockouts 1 | . 1 . . . . . . . . . Manual 65 | . 20 . . . 22 19 . . 4 . Terminals 78 | . 29 . . . 26 23 . . . . Fabricators 8 | . . . . . . 8 . . . . Repair Stations 3 | . 3 . . . . . . . . . Recycling Units 9 | . 5 . . . 3 1 . . . . Scanalyzers 8 | . . . . . 8 . . . . . Garrison Access . | . . . . . . . . . . . Terminal Hacks 31 | . 11 . 1 . 5 4 6 . 4 . Record 6 | . . . 1 . . . 5 . . . Part Schematic 6 | . 1 . . . . 1 . . 4 . Robot Analysis 6 | . 5 . . . 1 . . . . . Prototype ID Bank 1 | . 1 . . . . . . . . . Open Door 1 | . . . . . . . 1 . . . Level Access Points 1 | . . . . . . 1 . . . . Branch Access Points 1 | . . . . . 1 . . . . . Terminal Index 3 | . 1 . . . 1 1 . . . . Unreport Threat 1 | . . . . . 1 . . . . . Locate Traps 4 | . 3 . . . 1 . . . . . Reprogram Traps 1 | . . . . . . 1 . . . . Fabricator Hacks 1 | . . . . . . 1 . . . . Build 1 | . . . . . . 1 . . . . Repair Station Hacks 2 | . 2 . . . . . . . . . Scan Component 1 | . 1 . . . . . . . . . Repair 1 | . 1 . . . . . . . . . Recycling Unit Hacks 6 | . 3 . . . 2 1 . . . . Report Inventory 3 | . 2 . . . 1 . . . . . Retrieve Components 3 | . 1 . . . 1 1 . . . . Scanalyzer 8 | . . . . . 8 . . . . . Insert Component 3 | . . . . . 3 . . . . . Analyze 5 | . . . . . 5 . . . . . Garrison Access Hacks . | . . . . . . . . . . . Unauthorized Hacks 20 | . 6 . . . 6 8 . . . . Terminals 13 | . 5 . . . 5 3 . . . . Track 2 | . 2 . . . . . . . . . Assimilate 2 | . . . . . 2 . . . . . Botnet 6 | . 2 . . . 2 2 . . . . Operators 3 | . 1 . . . 1 1 . . . . Fabricators 5 | . . . . . . 5 . . . . Report 1 | . . . . . . 1 . . . . Prioritize 1 | . . . . . . 1 . . . . Liberate 2 | . . . . . . 2 . . . . Haulers 1 | . . . . . . 1 . . . . Repair Stations . | . . . . . . . . . . . Recycling Units 2 | . 1 . . . 1 . . . . . Reject 2 | . 1 . . . 1 . . . . . Scanalyzers . | . . . . . . . . . . . Garrison Access . | . . . . . . . . . . . Data Cores Recovered . | . . . . . . . . . . . Used . | . . . . . . . . . . . Hacking Detections 30 | . 11 . . . 12 7 . . . . Full Trace Events 3 | . 2 . . . 1 . . . . . Feedback Events . | . . . . . . . . . . . Feedback Blocked . | . . . . . . . . . . . Robot Schematics Acquired 4 | . . . . . . . . . 4 . Robots Built 4 | . . . . . . 4 . . . . Authchips . | . . . . . . . . . . . Time 134 | . . . . . . 134 . . . . Total Robot Build Rating 16 | . . . . . . 16 . . . . Part Schematics Acquired 23 | . 1 . . . 2 1 . . 19 . Parts Built . | . . . . . . . . . . . Authchips . | . . . . . . . . . . . Time . | . . . . . . . . . . . Total Part Build Rating . | . . . . . . . . . . . Parts Repaired 1 | . 1 . . . . . . . . . Time 26 | . 26 . . . . . . . . . Parts Recycled . | . . . . . . . . . . . Recycled Matter . | . . . . . . . . . . . Retrieved Matter . | . . . . . . . . . . . Retrieved Components 14 | . 3 . . . 9 2 . . . . Parts Scanalyzed 3 | . . . . . 3 . . . . . Part Schematics Acquired 2 | . . . . . 2 . . . . . Parts Damaged 1 | . . . . . 1 . . . . . Bothacking | -11 -10 -10 -10 -9 -8 -7 -7 -7 -7 -7 ------------ Run | Jun Mat Min Exi Min Mat Fac Low Low Zio Dee Used RIF Installer . | . . . . . . . . . . . Robots Hacked . | . . . . . . . . . . . Non-combat . | . . . . . . . . . . . Combat . | . . . . . . . . . . . Robot Hacks Applied . | . . . . . . . . . . . Relay Couplers Released . | . . . . . . . . . . . Fabnet Peak Effective % . | . . . . . . . . . . . Robots Rewired 2 | . . . . . . . . 2 . . Allies Hacked . | . . . . . . . . . . . Hacks Repelled . | . . . . . . . . . . . Allies | -11 -10 -10 -10 -9 -8 -7 -7 -7 -7 -7 -------- Run | Jun Mat Min Exi Min Mat Fac Low Low Zio Dee Total Allies 20 | . . 6 . 1 2 4 . 2 5 . Largest Group 7 | . . 6 5 4 4 7 1 2 7 7 Highest-Rated Group 175 | . . 125 94 71 71 98 12 32 175 175 Highest-Rated Ally 39 | . . 31 31 31 31 26 12 16 39 39 Total Orders 28 | . . . . 2 20 5 . . . 1 STAY 12 | . . . . 1 7 3 . . . 1 ROAM 3 | . . . . . 3 . . . . . FOLLOW 13 | . . . . 1 10 2 . . . . Ally Attacks 168 | . . . . . 70 24 9 . . 65 Total Damage 1921 | . . . . . 754 243 110 . . 814 Kills 20 | . . . . . 9 2 1 . . 8 Allies Corrupted . | . . . . . . . . . . . Allies Melted . | . . . . . . . . . . . Intel | -11 -10 -10 -10 -9 -8 -7 -7 -7 -7 -7 ------- Run | Jun Mat Min Exi Min Mat Fac Low Low Zio Dee Robot Analysis Total 6 | . 5 . . . 1 . . . . . Derelict Logs Recovered 7 | . . 2 . 1 . . 1 1 2 . Drone Launches . | . . . . . . . . . . . Drone Recoveries . | . . . . . . . . . . . Exploration | -11 -10 -10 -10 -9 -8 -7 -7 -7 -7 -7 ------------- Run | Jun Mat Min Exi Min Mat Fac Low Low Zio Dee Turns Passed 14209 | 120 850 724 487 776 2673 717 1431 3669 2550 212 Spaces Moved 8041 | 62 680 637 485 650 1658 487 994 1225 1044 119 Core 44 | 9 . . . . . . . 35 . . Treads 1624 | . . . . . . . . 573 1044 7 Legs 633 | 33 . . . . . . . 600 . . Wheels 5735 | 20 680 637 485 650 1658 487 994 12 . 112 Hover . | . . . . . . . . . . . Flight 5 | . . . . . . . . 5 . . Fastest Speed 50 | 50 90 90 90 105 115 130 115 115 240 130 Average Speed 156 | 106 95 90 94 112 128 130 125 279 240 136 Slowest Speed 1050 | 250 100 105 105 115 145 130 130 1050 240 240 Overloaded Moves . | . . . . . . . . . . . Propulsion Burnouts . | . . . . . . . . . . . Robots Hopped . | . . . . . . . . . . . Cave-ins Triggered . | . . . . . . . . . . . Exploration Rate (%) 70 | 5 99 99 86 94 75 17 96 97 87 20 Regions Visited 10 Branch Regions 7 Pre-discovered Areas 3 | . . . 1 . . . 1 . 1 . Known Exits Taken 5 | . . . . . 1 1 1 1 1 . Unknown Exits Taken 5 | 1 1 1 1 1 . . . . . . Scrap Searched 14 | . . 2 . 3 . . 3 3 3 . Spaces Dug 3 | . . . . . . . . 3 . . Terrain Destroyed 147 | . 3 31 . 16 48 42 . 4 . 3 Melee 3 | . . . . . . . . 3 . . Projectile 5 | . . . . . 1 . . 1 . 3 AOE 139 | . 3 31 . 16 47 42 . . . . Terrain Rammed . | . . . . . . . . . . . Walls Destroyed . | . . . . . . . . . . . Machines Disabled . | . . . . . . . . . . . Actions | -11 -10 -10 -10 -9 -8 -7 -7 -7 -7 -7 --------- Run | Jun Mat Min Exi Min Mat Fac Low Low Zio Dee Total 9250 | 96 808 778 511 685 2079 552 1133 1371 1092 145 Wait 641 | 2 57 135 21 12 254 36 93 5 26 . Move 8031 | 61 679 636 484 649 1657 486 993 1224 1043 119 Hop . | . . . . . . . . . . . Pick Up 121 | 11 11 1 4 8 35 8 6 27 8 2 Fast Attach 32 | 7 3 . . . 9 . 4 9 . . Attach 40 | 3 2 . . . 9 3 2 14 3 4 Detach 2 | . 1 . . . 1 . . . . . Swap 56 | . 7 2 1 4 22 3 6 6 2 3 Drop 99 | 3 12 1 1 7 33 6 9 15 9 3 Fire 202 | 9 36 3 . 5 59 10 20 45 1 14 Melee 10 | . . . . . . . . 10 . . Ram . | . . . . . . . . . . . Kick . | . . . . . . . . . . . Crush . | . . . . . . . . . . . Escape Stasis . | . . . . . . . . . . . Rewire 16 | . . . . . . . . 16 . . Trap . | . . . . . . . . . . . Miscellaneous . | . . . . . . . . . . . Route ------- -11/Junkyard -10/Materials (discovered 5 exits: [*Mat x3] / [*Min x2]) -10/Mines (discovered 3 exits: [*Mat x2] / *Exi) -10/Exiles -9/Mines (discovered 2 exits: *Mat x2) -8/Materials (discovered 2 exits: *Fac x2) -7/Factory (discovered 6 exits: Fac x4 / [*Sto] / *Low) -7/Lower Caves -7/Lower Caves (discovered 2 exits: *Fac / *Zio) -7/Zion (discovered 2 exits: *Dee / [*Pro]) -7/Deep Caves History --------- Turn | Location | Event 13 | -11/Junkyard | Discovered new exit (range 16) 121 | -11/Junkyard | Entered Materials 313 | -10/Materials | Build established: Mutant 364 | -10/Materials | Discovered new exit (range 13) 449 | -10/Materials | Discovered new exit (range 15) 482 | -10/Materials | Discovered new exit (range 10) 559 | -10/Materials | Discovered new exit (range 16) 633 | -10/Materials | Discovered new exit (range 14) 743 | -10/Materials | Repaired Com. Wheel 940 | -10/Materials | Central database locked down 971 | -10/Materials | Entered Mines 972 | -10/Mines | Assembled infested the area 989 | -10/Mines | Learned location of 1 exit from Materials 992 | -10/Mines | Met 8R-AWN 1071 | -10/Mines | Learned Materials emergency access door positions 1203 | -10/Mines | Discovered new exit (range 6) 1233 | -10/Mines | Discovered new exit (range 5) 1387 | -10/Mines | Discovered new exit (range 5) 1392 | -10/Mines | Assisted by bots powering up and referring to "LRC-V3" 1450 | -10/Mines | Escorted by a lone wolf Derelict 1695 | -10/Mines | Entered Exiles 1695 | -10/Exiles | Accompanied by 6 allies 1717 | -10/Exiles | Welcomed by 8R-AWN 1725 | -10/Exiles | Led the pair of lost Derelicts to a safe place 1732 | -10/Exiles | Met EX-HEX 1778 | -10/Exiles | Met EX-BIN 1844 | -10/Exiles | Met EX-DEC 1847 | -10/Exiles | Learned location of Zion (-7) 1885 | -10/Exiles | Visited The Gauntlet 2113 | -10/Exiles | Learned about 8R-AWN's background 2164 | -10/Exiles | Discovered new exit (range 14) 2182 | -10/Exiles | Entered Mines 2182 | -9/Mines | Accompanied by 3 allies 2451 | -9/Mines | Discovered new exit (range 11) 2456 | -9/Mines | Received a Rocket Launcher from a helpful Derelict 2574 | -9/Mines | A weapon hastily lodged in a ceiling crevice suddenly fell to the ground 2757 | -9/Mines | Discovered new exit (range 9) 2882 | -9/Mines | Received a Mining Laser from a helpful Derelict 2958 | -9/Mines | Entered Materials 2958 | -8/Materials | Accompanied by 4 allies 2958 | -8/Materials | Evolved 4 slots: Utility x4 2959 | -8/Materials | Identified exit to Factory 3361 | -8/Materials | Build established: Scavenger-Mutant 3817 | -8/Materials | Build established: Mutant 4681 | -8/Materials | Lost 3 parts (1n1u1w) 4826 | -8/Materials | Discovered exit to Factory (range 16) 5631 | -8/Materials | Entered Factory 5631 | -7/Factory | Accompanied by 3 allies 5631 | -7/Factory | Evolved 2 slots: Utility x2 5930 | -7/Factory | Identified exit to Factory 5956 | -7/Factory | Fabricated S-27 Virus (x4) 6091 | -7/Factory | Discovered new exit (range 11) 6106 | -7/Factory | Identified exit to Lower Caves 6117 | -7/Factory | Discovered new exit (range 6) 6268 | -7/Factory | Build established: Commander-Mutant 6348 | -7/Factory | Entered Lower Caves 6348 | -7/Lower Caves | Accompanied by 1 ally 6350 | -7/Lower Caves | Attracted the attention of an 0b10 checkpoint 6628 | -7/Lower Caves | Build established: Mutant 7283 | -7/Lower Caves | Learned 8 Research zone layouts 7283 | -7/Lower Caves | Learned Armory terminal intel 7283 | -7/Lower Caves | Learned Armory stockpile data 7283 | -7/Lower Caves | Learned Armory garrison access intel 7555 | -7/Lower Caves | Learned Factory security intel 7620 | -7/Lower Caves | Encountered a Warlord checkpoint 7659 | -7/Lower Caves | Discovered new exit (range 15) 7707 | -7/Lower Caves | Identified exit to Lower Caves 7779 | -7/Lower Caves | Entered another Lower Caves area 7784 | -7/Lower Caves | Attracted the attention of an 0b10 outpost 7917 | -7/Lower Caves | Lost 8 parts (3n4u1w) 7926 | -7/Lower Caves | Core integrity fell below 50% 8476 | -7/Lower Caves | Discovered exit to Factory (range 12) 9536 | -7/Lower Caves | Discovered new exit (range 9) 9586 | -7/Lower Caves | Identified exit to Zion 10279 | -7/Lower Caves | Learned Factory non-interactive machine intel 10522 | -7/Lower Caves | Build established: Derelict-Mutant 11448 | -7/Lower Caves | Entered Zion 11448 | -7/Zion | Accompanied by 2 allies 11538 | -7/Zion | System corruption cleaned by Quarantine Array 11964 | -7/Zion | Acquired unknown access codes intercepted by a Zionite 12039 | -7/Zion | Discovered new exit (range 10) 12340 | -7/Zion | Gained Derelict followers 12374 | -7/Zion | Build established: Mutant 12720 | -7/Zion | Learned location of 1 exit from Proximity Caves 12907 | -7/Zion | Learned location of Warlord (-5) 13610 | -7/Zion | Opened final containment barrier to the Deep Caves 13655 | -7/Zion | Discovered new exit (range 3) 13655 | -7/Zion | Saw the warning signs outside the Deep Caves entrance 13970 | -7/Zion | Identified exit to Deep Caves 13998 | -7/Zion | Entered Deep Caves 13998 | -7/Deep Caves | Accompanied by 7 allies 14173 | -7/Deep Caves | Z-Facility disabled 14180 | -7/Deep Caves | Attacked by Z-Imprinter 14201 | -7/Deep Caves | Core integrity fell below 20% 14210 | -7/Deep Caves | Destroyed by Z-Imprinter with Zionite Laser-M Last Messages --------------- 14167_ HV Slug penetrates Trooper 4b. 14167_ Trooper 4b suffers critical hit (Destroy). 14167_ Trooper 4b knocked back. 14172_ HV Slug penetrates FE-W1N(i). 14172_ FE-W1N(i) knocked back. 14179_ Dropped Arm. Huge Wheel. Z-Imprinter: GET AWAY FROM HERE! I've worked too hard for our future just to have you ruin everything! 14181_ Z-Imprinter knocked back. 14184_ Cryofiber Web destroyed. 14190_ Imp. Heat Sink destroyed. 14191_ Z-Imprinter suffers critical hit (Burn). 14196_ Med. Treads destroyed. 14196_ Z-Imprinter knocked back. 14200_ Deuterium Engine destroyed. 14202_ Imp. Medium Armor Plating destroyed. 14205_ HV Slug penetrates Wall. 14207_ Imp. Treads destroyed. 14207_ Assault Cannon destroyed. 14209_ HV Slug penetrates 2R-FOV(z). Map ----- +----------------------------------------------------+ | | | | | | | | | | | | | ?????????????????????????????????????????????????? | | ?????????????????????????????????????????????????? | | ???? ?????????????????????????????????###??????? | | ??? ?????##?????????????????????????# ##????? | | ??? ##?### ##?????######????????????# #????? | | ?? ## # #???### ##???????????# #????? | | ?? ##### #??????????## #????? | | ? #??????????? #????? | | ? #??????????? ##???? | | ? #????????????? #???? | | ? ###???????????# #???? | | ??"" #;##??????????# #???? | | ??"" ;;############ #???? | | ??"" g #???? | | ??"" % z%% ##??? | | " h zI% #### | | ?""" ;########### | | ??"" ;##???????# | | ??"" % ;; #???????# | | ??"" @ ; #????????## | | ??" ;##?????????######## | | ?? i #?????????????????# | | ?? #????????????????## | | ?? #???????????????## | | ??? ##??????????????## | | ??? #??????????###### % | | ????? ??????????# [ ## | | ??????? #?????????## %=*#### | | ?????????? ##??????????## * ##?# | | ??????????? ##????????????# #?# | | ???????????? #?????????????# #?# | | ?????????????? ?????????????# # ##?? | | ???????????????? ?????????????#### #??? | | ??????????????????? ????????????????# #??? | | ????????????????????? ????????????????# #??? | | ???????????????????????????????????????????# #??? | | ???????????????????????????????????????????# #??? | | ???????????????????????????????????????????# ##?? | | ???????????????????????????????????????????# #?? | | ???????????????????????????????????????????# #?# | | ???????????????????????????????????????????# ##?# | | ???????????????????????????????????????????####??# | | ?????????????????????????????????????????????????# | | ?????????????????????????????????????????????????? | +----------------------------------------------------+ Best States ------------- Heat Dissipation 53 Energy Generation 16 Energy Capacity 290 Matter Stores 300 Matter Capacity 300 Sight Range 16 Robot Scan Range 15 Terrain Scan Range 16 Terrain Scan Density 10 Jamming Range 12 Base Temperature (-) 100 Armor Coverage 375 Core Shielding 20 Power Shielding 66 Propulsion Shielding 66 Weapon Shielding 66 Evasion (%) 55 Targeting Accuracy 24 Recoil Reduction 2 Defensive Hacking 10 Authchip Count 2 Item Schematics ----------------- Hcp. Storage Unit | -10/Materials | Hacked Shock Bomb Launcher | -8/Materials | Scanalyzed Recoil Stabilizer | -8/Materials | Scanalyzed Force Field | -7/Factory | Hacked Imp. Deuterium Engine | -7/Zion | Archive Matter Compressor | -7/Zion | Archive Armor Integrity Analyzer | -7/Zion | Archive Cloaking Device | -7/Zion | Archive Xenon Bombardment Thruster | -7/Zion | Archive Adv. Signal Interpreter | -7/Zion | Archive Imp. Shield Generator | -7/Zion | Archive Variable Charge Gun | -7/Zion | Archive Antigrav System | -7/Zion | Archive Mak. Hammer | -7/Zion | Archive Power Amplifier | -7/Zion | Archive Hvy. Ion Cannon | -7/Zion | Archive Fusion Compressor | -7/Zion | Archive Mak. Transmission Jammer | -7/Zion | Archive Recalibrator | -7/Zion | Archive Riot Gun | -7/Zion | Free Hvy. Riot Gun | -7/Zion | Free Arc Thrower | -7/Zion | Free Slug Cannon | -7/Zion | Free Robot Schematics ------------------ A-02 Transporter | -7/Zion | Archive R-06 Scavenger | -7/Zion | Archive S-27 Virus | -7/Zion | Archive H-77 Assassin | -7/Zion | Archive Fabricated ------------ S-27 Virus | x4 | -7/Factory | Preloaded Alien Tech Used ----------------- None Achievements -------------- None Challenges ------------ None Game ------ Seed PrecisionRefineryRegenerator Manual? 0 Play Time 02:03:05 Cumulative 660.6 hours Start 2023.12.02 @ 18:12:10 End 2023.12.02 @ 20:32:17 Sessions 1 Manual Loads 0 Difficulty Rogue Special Mode None Game No. 447 Rogue 447 Adventurer 0 Explorer 0 Win Type - Total 1 Types 1/0/0/0/0/0/0/0/0 Lore% 71 Gallery% 79 Achievement% 60 Wizard Run 0 Options --------- ASCII 0 Keyboard 0 Movement Mouse Keybinds 0 Fullscreen 1 Font 16/SmallcapsGlow Map View 75x55 Tactical HUD 1 Map Filters NONE Filters NONE Steam 1 RUN: db9d6e53-8e66-4afb-aaa8-7d1c3df4c795